 Dungeon Crawl Stone Soup version 0.21-a0-78-g82a99e0 (webtiles) character file.

29412 4thArraOfDagon the Carver (level 13, -6/90 HPs)
             Began as a Human Abyssal Knight on June 21, 2017.
             Was a High Priest of Lugonu.
             Killed from afar by an orc sorcerer (18 damage)
             ... with a bolt of fire
             ... while paralysed by an orc sorcerer
             ... on level 1 of the Orcish Mines.
             The game lasted 00:44:21 (12861 turns).

4thArraOfDagon the Carver (Human Abyssal Knight)   Turns: 12861, Time: 00:44:22

Health: -6/90      AC: 21    Str: 15    XL:     13   Next: 80%
Magic:  21/21      EV:  2    Int: 17    God:    Lugonu [*****.]
Gold:   1101       SH:  0    Dex: 13    Spells: 12/12 levels left

rFire    . . .     SeeInvis .   y - +8 great sword "Valumad" {slice, rPois Str+2}
rCold    . . .     Gourm    .   (shield currently unavailable)
rNeg     . . .     Faith    +   k - +3 troll leather armour
rPois    +         Spirit   .   H - +0 helmet
rElec    .         Reflect  .   F - +0 cloak
rCorr    .         Harm     .   (no gloves)
MR       +....                  e - +2 pair of boots {run}
Stlth    ++........             h - amulet of faith
HPRegen  0.65/turn              g - ring of protection from magic
MPRegen  0.17/turn              G - +5 ring of protection

@: paralysed, heavily drained, quick
A: thin metallic scales 1, thin skeletal structure 1, blurry vision 1, clumsy 1
a: Depart the Abyss, Bend Space, Banish, Corrupt, Enter the Abyss, Renounce
Religion


You were on level 1 of the Orcish Mines.
You worshipped Lugonu.
Lugonu was extremely pleased with you.
You were not hungry.

You visited 2 branches of the dungeon, and saw 17 of its levels.
You visited the Abyss 1 time.

You collected 1101 gold pieces.

Inventory:

Hand Weapons
 s - a +3 scimitar of freezing
 x - a +1 scimitar of flaming
 y - the +8 great sword "Valumad" (weapon) {slice, rPois Str+2}
   (You found it on level 10 of the Dungeon)

   It inflicts extra damage upon your enemies.
   It affects your strength (+2).
   It protects you from poison.
Missiles
 N - 6 curare-tipped needles
Armour
 e - a +2 pair of boots of running (worn)
 f - a +1 plate armour
 j - the +0 leather armour "Ivvat" {MR+ rCorr, unknown}
   (You found it on level 12 of the Dungeon)

   It affects your resistance to hostile enchantments.
   It protects you from acid and corrosion.
 k - a +3 troll leather armour (worn)
 F - a +0 cloak (worn)
 H - a +0 helmet (worn)
Jewellery
 g - a ring of protection from magic (left hand)
 h - an amulet of faith (around neck)
 i - a +6 ring of intelligence
 p - a +1 ring of evasion
 r - a cursed amulet of inaccuracy
 w - a +5 ring of dexterity
 B - an uncursed ring of positive energy
 G - a +5 ring of protection (right hand)
 P - an uncursed ring of protection from cold
 R - an uncursed amulet of the gourmand {unknown}
Wands
 t - a wand of digging (12/24)
 v - a wand of acid (4/15)
 O - a wand of iceblast (7/15)
 Q - a wand of lightning (10/15)
Scrolls
 b - 3 scrolls of blinking
 l - 5 scrolls of teleportation
 o - 4 scrolls of remove curse
 u - 3 scrolls of magic mapping
 A - a scroll of acquirement {unknown}
 D - 5 scrolls of enchant weapon {unknown}
 E - a scroll of recharging {unknown}
 I - a scroll of silence {unknown}
Potions
 n - a potion of flight
 z - 4 potions of might
 M - a potion of cancellation
Books
 L - the Incunabulum of the Tuna
   (You found it on level 7 of the Dungeon)

   Spells                             Type                      Level
   a - Flame Tongue                   Conjuration/Fire             1
   b - Mephitic Cloud                 Conjuration/Poison/Air       3
   c - Conjure Flame                  Conjuration/Fire             3
   d - Bolt of Magma                  Conjuration/Fire/Earth       5
Miscellaneous
 q - a lamp of fire
Comestibles
 a - 5 royal jellies
 c - 15 bread rations
 d - 2 chunks of flesh
 m - 4 meat rations


   Skills:
 - Level 4.4(2.4) Fighting
 * Level 14.2(11.7) Long Blades
 + Level 10.7(8.4) Armour
 + Level 9.3(7.0) Dodging
 + Level 10.7(8.3) Invocations


You had 12 spell levels left.
You didn't know any spells.

Dungeon Overview and Level Annotations

Branches:
Dungeon (15/15)            Temple (0/1) D:7            Lair (0/6) D:8
    Orc (2/2) D:9          Vaults (0/5) D:13
    Elf: Orc:2       Depths: D:15

Altars:
Cheibriados
Dithmenos
Elyvilon
Fedhas
Nemelex Xobeh
Qazlal
Vehumet
Yredelemnul
Beogh

Shops:
D:8 %

Annotations:
D:2 Sigmund
D:4 Menkaure, Natasha
D:11 Gastronok
Orc:1 corrupted
Orc:2 Nessos
Abyss:1 Sonja


Innate Abilities, Weirdness & Mutations

You are partially covered in thin metallic scales. (AC +2)
You have a somewhat thin skeletal structure. (Dex +2, Stealth)
Scrolls take you a little longer to read.
You are clumsy. (Dex -2)


Message History

You hit the orc sorcerer but do no damage.
The orc sorcerer is almost dead.
The orc sorcerer hits you but does no damage.
Your troll leather armour prevents you from hitting the orc sorcerer.
The orc sorcerer is severely wounded.
The orc sorcerer closely misses you.
The orc sorcerer points at you and mumbles some strange words.
You suddenly lose the ability to move!
The ynoxinul gestures at you. The iron shot hits you!
The orc sorcerer's eyes start to glow.
The orc sorcerer gestures wildly while chanting.
The ynoxinul gestures at you. The iron shot hits you!
The orc sorcerer hits you but does no damage.
The sun demon hits you.
You are engulfed in flames!!
* * * LOW HITPOINT WARNING * * *
The ynoxinul gestures.
The orc sorcerer casts a spell at you.
Helpless, you fail to dodge the bolt of fire.
You die...

#####.........[.[#.##
##.#..............## ##
...................## #.#
...#...........#....##.....
.............#.#....#.....
##.............)...##....#
#.....#........#[[.......#
.......#......##3[.......####
##.........#...o@5..........##
#..............3[[#.#........##
##...........5...5.....#...##.#
##.......................#..#
#....#..........[......##..W#
##.####..............#[.#ยง##.#
### #................#$5X.#
#..............#[.).##.#
#............#.#.##...


You could see a sun demon, a ynoxinul, an orc sorcerer and 3 ufetubi.

Vanquished Creatures
  A great orb of eyes (D:15)
  A centaur warrior (D:11)
  6 two-headed ogres
  2 dancing weapons (D:13)
  A deep elf mage (D:13)
  The ghost of anet the Magician, a novice DEWz of Ashenzari (D:7)
  An orc knight (D:9)
  A wolf spider zombie (D:13)
  2 orc sorcerers (Orc:1)
  Pikel (D:8)
  2 cyclopes
  Joseph (D:7)
  3 centaur zombies
  3 centaur skeletons
  A kobold demonologist (D:14)
  A freezing wraith (D:13)
  3 trolls
  2 hornets
  Grinder (D:5)
  2 hippogriffs
  12 slime creatures
  A shadow (D:15)
  A wraith (D:14)
  7 yaks
  3 hogs (D:11)
  A steam dragon (D:13)
  2 wyverns
  A human (D:11)
  A warg (D:9)
  A soldier ant (D:12)
  3 water moccasins
  2 hell hounds (D:8)
  12 orc warriors
  A black bear (D:9)
  2 hornet zombies
  A phantom (D:10)
  6 ice beasts
  5 sky beasts
  2 eyes of draining
  6 ogres
  4 centaurs
  A crocodile (D:13)
  Blork the orc (D:5)
  8 bullfrogs
  3 big kobolds
  4 scorpions
  25 killer bees
  5 wights (D:7)
  5 crimson imps
  3 hounds
  4 jellies
  A quasit (D:5)
  A gnoll shaman (Orc:2)
  7 orc priests
  A bullfrog skeleton (D:8)
  13 orc wizards
  2 iguanas
  Natasha (D:4)
  A worker ant (D:11)
  3 hound skeletons
  A howler monkey skeleton (D:4)
  A worker ant zombie (D:5)
  11 gnolls
  8 adders
  3 shadow imps
  An ooze (D:3)
  An adder zombie (D:7)
  A worm (D:3)
  2 dart slugs (D:1)
  4 leopard geckos
  47 orcs
  7 bats
  2 giant cockroaches
  7 goblins
  11 hobgoblins
  9 jackals
  18 kobolds
  A quokka (D:5)
  A ball python (D:1)
  2 frilled lizards
  A jackal skeleton (D:7)
  3 rats
341 creatures vanquished.

Vanquished Creatures (others)
  A death knight (D:13)
  2 two-headed ogres
  An orc high priest (Orc:1)
  2 orc knights (Orc:1)
  2 ugly things (D:12)
  An orc sorcerer (Orc:1)
  A troll (Orc:1)
  A hippogriff (D:7)
  A hungry ghost (D:7)
  3 orc warriors (Orc:1)
  3 slaves (D:8)
  A centaur (D:8)
  A killer bee (D:8)
  An electric eel (D:13)
  An orc priest (Orc:1)
  A hound (D:8)
  A shadow imp (D:8)
  4 orcs (Orc:1)
  3 kobolds (D:13)
  A leopard gecko zombie (D:8)
  2 starspawn tentacles (Orc:1)
34 creatures vanquished.

Grand Total: 375 creatures vanquished

Notes
Turn   | Place    | Note
-------+----------+-------------------------------------------
     0 | Abyss:1  | 4thArraOfDagon the Human Abyssal Knight began the quest for the Orb.
     0 | Abyss:1  | Reached XP level 1. HP: 18/18 MP: 2/2
    16 | Abyss:2  | Found a corrupted altar of Lugonu.
    51 | Abyss:2  | Noticed a deep elf sorcerer
    52 | D:1      | Escaped the Abyss
    68 | D:1      | Identified a +2 pair of boots of running (You found it on level 2 of the Abyss)
   117 | D:1      | Reached XP level 2. HP: 15/24 MP: 3/3
   191 | D:1      | Reached * piety under Lugonu
   351 | D:2      | Reached XP level 3. HP: 25/29 MP: 4/4
   421 | D:1      | Torious: hi
   429 | D:1      | 4thArraOfDagon: hii
   528 | D:2      | Noticed Sigmund
   678 | D:4      | 4thArraOfDagon: :(
   770 | D:4      | Noticed an orc warrior
   787 | D:4      | Noticed Menkaure
   812 | D:4      | Noticed Natasha
   833 | D:4      | Killed Natasha
   833 | D:4      | Reached skill level 3 in Long Blades
   833 | D:4      | Reached XP level 4. HP: 16/35 MP: 6/6
  1004 | D:5      | Entered Level 5 of the Dungeon
  1128 | D:4      | Reached XP level 5. HP: 25/41 MP: 7/7
  1143 | D:4      | Noticed Grinder
  1145 | D:4      | Paralysed by Grinder for 5 turns
  1547 | D:5      | Noticed Blork the orc
  1637 | D:4      | Noticed Natasha
  2181 | D:2      | Found a white marble altar of Elyvilon.
  2182 | D:2      | Found a shadowy altar of Dithmenos.
  2182 | D:2      | Found a radiant altar of Vehumet.
  2191 | D:2      | Found a sparkling altar of Nemelex Xobeh.
  2297 | D:2      | Reached ** piety under Lugonu
  2311 | D:1      | Reached skill level 4 in Long Blades
  2648 | D:3      | Reached XP level 6. HP: 38/47 MP: 8/8
  3542 | D:5      | Paralysed by Grinder for 5 turns
  3590 | D:5      | Killed Grinder
  3590 | D:5      | Reached skill level 5 in Long Blades
  3590 | D:5      | Reached XP level 7. HP: 24/52 MP: 9/9
  3800 | D:5      | Killed Blork the orc
  3800 | D:5      | Reached skill level 6 in Long Blades
  3934 | D:6      | Found a blossoming altar of Fedhas.
  3966 | D:6      | Reached skill level 5 in Armour
  4131 | D:6      | Noticed a hippogriff
  4208 | D:7      | Reached *** piety under Lugonu
  4212 | D:7      | Reached XP level 8. HP: 56/58 MP: 10/10
  4233 | D:7      | Noticed a hippogriff
  4236 | D:7      | Banished a hippogriff
  4314 | D:7      | Reached skill level 7 in Long Blades
  4431 | D:7      | Noticed anet's ghost (novice DEWz)
  4574 | D:7      | Identified the Incunabulum of the Tuna
  4660 | D:7      | Found a staircase to the Ecumenical Temple.
  4704 | D:8      | Noticed Pikel
  4752 | D:8      | Killed Pikel
  4752 | D:8      | Reached skill level 8 in Long Blades
  4752 | D:8      | Reached XP level 9. HP: 24/65 MP: 6/12
  4962 | D:8      | Found Zorabul's Food Shoppe.
  5127 | D:9      | 4thArraOfDagon: :/
  5251 | D:9      | Noticed a two-headed ogre
  5252 | D:9      | Banished a two-headed ogre
  5382 | D:10     | Entered Level 10 of the Dungeon
  5420 | D:10     | Got a warped great sword
  5421 | D:10     | Identified the +8 great sword "Valumad" {slice, rPois Str+2} (You found it on level 10 of the Dungeon)
  5578 | D:11     | Noticed a two-headed ogre
  5603 | D:11     | Found a snail-covered altar of Cheibriados.
  5604 | D:11     | Noticed a cyclops
  5641 | D:10     | Reached skill level 9 in Long Blades
  5641 | D:10     | Reached skill level 5 in Invocations
  5774 | D:10     | Reached XP level 10. HP: 73/73 MP: 13/13
  5781 | D:10     | Gained mutation: Potions are less effective at restoring your health. [mutagenic meat]
  5782 | D:10     | Gained mutation: Scrolls take you a little longer to read. [mutagenic meat]
  5783 | D:10     | Gained mutation: You expend magic power (3 MP) to strengthen your wands. [mutagenic meat]
  5789 | D:10     | Noticed a two-headed ogre
  5795 | D:10     | Banished a two-headed ogre
  5915 | D:10     | Reached skill level 10 in Long Blades
  5931 | D:10     | Reached skill level 5 in Dodging
  6193 | D:8      | Found a staircase to the Lair.
  6245 | D:9      | Reached **** piety under Lugonu
  6347 | D:8      | Reached XP level 11. HP: 63/78 MP: 16/16
  6485 | D:7      | Noticed Joseph
  6497 | D:7      | Killed anet's ghost
  6501 | D:7      | Killed Joseph
  6501 | D:7      | Reached skill level 11 in Long Blades
  7042 | D:5      | Found a stormy altar of Qazlal.
  7623 | D:10     | Reached ***** piety under Lugonu
  7660 | D:11     | Noticed a two-headed ogre
  7671 | D:11     | Killed a two-headed ogre
  7822 | D:11     | Noticed Gastronok
  7831 | D:12     | Noticed a brown ugly thing
  7832 | D:12     | Banished a brown ugly thing
  8114 | D:11     | Noticed a centaur warrior
  8125 | D:11     | Killed a centaur warrior
  8174 | D:11     | Reached XP level 12. HP: 74/84 MP: 18/18
  8182 | D:11     | Reached skill level 12 in Long Blades
  8622 | D:12     | Got a translucent leather armour
  9182 | D:12     | Noticed a two-headed ogre
  9189 | D:12     | Killed a two-headed ogre
  9291 | D:13     | Noticed Sonja
  9298 | D:13     | Banished Sonja
  9333 | D:13     | Noticed an enchanted long sword
  9376 | D:15     | Entered Level 15 of the Dungeon
  9401 | D:15     | Noticed a great orb of eyes
  9408 | D:15     | Killed a great orb of eyes
  9587 | D:15     | Noticed a skeletal warrior
  9620 | D:14     | Noticed a two-headed ogre
  9629 | D:14     | Killed a two-headed ogre
  9629 | D:14     | Reached skill level 13 in Long Blades
  9803 | D:13     | Noticed a two-headed ogre
  9809 | D:13     | Killed a two-headed ogre
  9840 | D:13     | Noticed a skeletal warrior
  9892 | D:14     | Reached XP level 13. HP: 90/90 MP: 20/20
  9946 | D:14     | Found a basalt altar of Yredelemnul.
  9954 | D:14     | Lost mutation: Scrolls take you a little longer to read. [potion of mutation]
  9954 | D:14     | Lost mutation: You expend magic power (3 MP) to strengthen your wands. [potion of mutation]
  9954 | D:14     | Lost mutation: Potions are less effective at restoring your health. [potion of mutation]
  9954 | D:14     | Gained mutation: You are clumsy. (Dex -2) [potion of mutation]
  9954 | D:14     | Gained mutation: Scrolls take you a little longer to read. [potion of mutation]
  9954 | D:14     | Gained mutation: You have a somewhat thin skeletal structure. (Dex +2, Stealth) [potion of mutation]
  9954 | D:14     | Gained mutation: You are partially covered in thin metallic scales. (AC +2) [potion of mutation]
 10002 | D:14     | Reached skill level 10 in Armour
 10508 | D:14     | Reached skill level 10 in Invocations
 11081 | D:13     | Found a gate to the Vaults.
 11509 | D:9      | Found a staircase to the Orcish Mines.
 11545 | D:9      | Reached skill level 14 in Long Blades
 11596 | Orc:1    | Entered Level 1 of the Orcish Mines
 11670 | Orc:1    | Found a roughly hewn altar of Beogh.
 11806 | Orc:1    | Corrupted Orc:1
 11806 | Orc:1    | Noticed a lich
 11806 | Orc:1    | Noticed a tentacled starspawn
 11808 | Orc:1    | Noticed a tentacled starspawn
 11811 | Orc:1    | Noticed a tentacled starspawn
 11812 | Orc:1    | HP: 3/90 [large abomination[Lugonu's corruption] (14)]
 11813 | Orc:1    | 4thArraOfDagon: :)
 11820 | Orc:1    | Noticed an Executioner
 12297 | Orc:2    | Entered Level 2 of the Orcish Mines
 12297 | Orc:2    | Noticed Nessos
 12858 | Orc:1    | Paralysed by an orc sorcerer for 7 turns
 12861 | Orc:1    | Killed from afar by an orc sorcerer

Vault maps used:
D:1:      minmay_arrival_four_loops
D:2:      chequers_temple_overflow_statue_of_worship, first_bread,
          minmay_tall_x, uniq_sigmund
D:4:      serial_shops, shop_fountains, uniq_menkaure, uniq_grinder,
          uniq_natasha
D:5:      amethyst_overflow_temple_binary, grunt_qazlal_sundering,
          uniq_blork_the_orc
D:6:      lemuel_blue_sif_altar, fedhas_altar_2
D:7:      temple_hall_moat, grunt_ministairs_4, uniq_joseph
D:8:      minmay_lair_entry_lava, serial_shops, shop, uniq_pikel
D:9:      orc_0_dummy
D:11:     basic_altar, grunt_livestock, uniq_gastronok
D:13:     erik_vaults_1, water_maze_lemuel, uniq_sonja
D:14:     yredelemnul_altar_generic
D:15:     grunt_enter_depths_hoard
Orc:1:    basic_altar
Orc:2:    grunt_orc_community_town_hall, grunt_orc_community_big_house_1,
          grunt_orc_community_big_house_1, grunt_orc_community_house_2,
          grunt_orc_community_house_2, grunt_orc_community_house_3,
          grunt_orc_community_house_1, grunt_orc_community_house_1, uniq_nessos
Abyss:1:  hangedman_eye_storm

Skill      XL: |  1  2  3  4  5  6  7  8  9 10 11 12 13 |
---------------+----------------------------------------+-----
Long Blades    | 3 4 5 6 8 9 10 11 13 14 | 14.2
Armour         | 3 4 5 6 7 8 9 10 | 10.7
Invocations    | 3 4 5 6 8 9 10 | 10.7
Dodging        | 2 4 5 7 8 9 |  9.3
Fighting       | 4 |  4.4

Action                   |  1- 3 |  4- 6 |  7- 9 | 10-12 | 13-15 || total
-------------------------+-------+-------+-------+-------+-------++-------
Melee: Falchion          |   110 |   315 |    94 |       |       ||   519
       Scimitar          |       |       |   103 |       |       ||   103
       Great sword       |       |       |    23 |   421 |   265 ||   709
Invok: Depart the Abyss  |     1 |       |       |       |       ||     1
       Banish            |       |       |     5 |     5 |     8 ||    18
       Corrupt           |       |       |       |       |     1 ||     1
Evoke: Lamp of fire      |       |       |       |     1 |       ||     1
  Use: Scroll            |     2 |     5 |     9 |     2 |     6 ||    24
       Potion            |     2 |     7 |     1 |       |     9 ||    19
  Eat: Chunk             |       |     8 |     2 |    11 |     4 ||    25
       Fruit             |       |     1 |     6 |     4 |       ||    11
       Royal jelly       |       |       |     1 |     1 |     1 ||     3
       Meat ration       |       |       |       |     1 |     1 ||     2
Armor: Plate armour      |    89 |   266 |   237 |   362 |   157 ||  1111
       Skin              |     9 |       |       |       |       ||     9
       Troll leather arm |       |       |       |       |    33 ||    33
Dodge: Dodged            |    20 |    65 |    55 |   190 |   146 ||   476
       Rpst.: Falchion   |    10 |    24 |     8 |       |       ||    42
       Scimitar          |       |       |     3 |       |       ||     3
       Great sword       |       |       |     1 |    44 |    33 ||    78
